 Dungeon Crawl Stone Soup version 0.30-a0-782-ge64f9170bb (webtiles) character file.

Game seed: 5120564117237530154

70 HoaS the Shooter (level 4, -3/26 HPs)
             Began as a Gargoyle Hunter on Feb 19, 2023.
             Killed by nerve-wracking pain
             ... invoked by a shadow imp
             ... summoned by Natasha
              (5 damage)
             ... on level 2 of the Dungeon.
             The game lasted 00:03:04 (1173 turns).

HoaS the Shooter (Gargoyle Hunter)                  Turns: 1173, Time: 00:03:05

Health: -3/26      AC:  7    Str: 14    XL:     4   Next: 21%
Magic:  4/4        EV: 11    Int: 10    God:
Gold:   114        SH:  0    Dex: 15    Spells: 3/3 levels left

rFire   . . .      SeeInvis .    a - +0 shortbow
rCold   . . .      Faith    .    (shield currently unavailable)
rNeg    + . .      Spirit   .    c - +0 leather armour
rPois   ∞          Reflect  .    (no helmet)
rElec   +          Harm     .    (no cloak)
rCorr   .          Rampage  .    d - +0 pair of gloves {hurl}
Will    .....                    (no boots)
Stlth   ++                       (no amulet)
HPRegen 0.24/turn                (no ring)
MPRegen 0.09/turn                (no ring)

@: no status effects
A: sickness immunity, AC +3, negative energy resistance 1, electricity
resistance, torment resistance 1, petrification resistance
a: no special abilities


You were on level 2 of the Dungeon.
You visited 1 branch of the dungeon, and saw 2 of its levels.

You collected 114 gold pieces.

Inventory:

Hand Weapons
 a - a +0 shortbow (weapon)
Armour
 c - a +0 leather armour (worn)
 d - a +0 pair of gloves of hurling (worn)
Scrolls
 b - a scroll of immolation
 f - a scroll of teleportation {unknown}
Potions
 e - a potion of ambrosia {unknown}
 g - a potion of curing
 i - a potion of attraction


   Skills:
 - Level 2.1 Fighting
 + Level 5.6 Ranged Weapons
 - Level 1.5 Dodging
 - Level 1.1 Stealth


You had 3 spell levels left.
You didn't know any spells.
Your spell library contained the following spells:

 Spells                   Type           Power      Damage    Failure   Level
 Inner Flame              Hex/Fire       0%         N/A       82%         3
 Cause Fear               Hex            0%         N/A       99%         4
 Discord                  Hex            0%         N/A       100%        8


Dungeon Overview and Level Annotations

Branches:
Dungeon (2/15)

Altars:
Kikubaaqudgha

Annotations:
D:2 Natasha


Innate Abilities, Weirdness & Mutations

You are immune to sickness and miasma.
Your stone body is resilient. (AC +3)
You are immune to poison.
You resist negative energy. (rN+)
You are resistant to electric shocks. (rElec)
You are resistant to unholy torment.
You are immune to petrification.


Message History

Natasha is heavily wounded.
Natasha mumbles some strange words.
The shadow imp hits you.
Fire: a) +0 shortbow
Press: ? - help, Q - select action Shift-Dir - straight line, f/p - Natasha
Aim: Natasha (heavily wounded, 55% to hit)
You shoot an arrow. The arrow closely misses Natasha.
Natasha barely misses you. The shadow imp hits you.
The shadow imp hits you but does no damage.
Natasha claws you.
Fire: a) +0 shortbow
Press: ? - help, Q - select action Shift-Dir - straight line, f/p - Natasha
Aim: Natasha (heavily wounded, 55% to hit)
You shoot an arrow. The arrow completely misses Natasha.
The shadow imp misses you.
The shadow imp laughs crazily.
The shadow imp hits you.
* * * LOW HITPOINT WARNING * * *
Natasha claws you but does no damage. The shadow imp barely misses you.
Fire: a) +0 shortbow
Press: ? - help, Q - select action Shift-Dir - straight line, f/p - Natasha
Aim: Natasha (heavily wounded, 55% to hit)
You shoot an arrow. The arrow hits Natasha.
Natasha is severely wounded.
The shadow imp disappears in a puff of smoke!
The crimson imp hits you.
* * * LOW HITPOINT WARNING * * *
Natasha barely misses you. The shadow imp closely misses you.
Fire: a) +0 shortbow
Press: ? - help, Q - select action Shift-Dir - straight line, f/p - Natasha
Aim: Natasha (severely wounded, 55% to hit)
You shoot an arrow. The arrow hits Natasha.
Natasha is almost dead.
The crimson imp hits you.
* * * LOW HITPOINT WARNING * * *
Natasha claws you.
* * * LOW HITPOINT WARNING * * *
The shadow imp gestures at you. Pain shoots through your body!
You die...

...<# ... #.........##
##### .... #..).......#
.... #..........# .....
#......._..####
.$...#####..............
.........'..............
.?......##.........†...[
.....§5.##.........##...
.....§.@##.........#####
# #.#
....(.h5####......... ..
# #.# ........#
########## ## # #.#
.......!# # #.#
........# # #.#
....###.# # #.# ....
#.##........# # #.# ...
#.##........# #### ###.#
..........# #...


You could see Natasha, a crimson imp (summoned) and a shadow imp (summoned).

Vanquished Creatures
  Natasha (D:2)
  An adder (D:2)
  7 bats
  4 endoplasms
  2 giant cockroaches
  4 goblins (D:1)
  2 hobgoblins (D:1)
  4 jackals (D:2)
  4 ball pythons
  A frilled lizard (D:1)
  4 kobolds
  2 rats
36 creatures vanquished.

Notes
Turn   | Place    | Note
-------+----------+-------------------------------------------
     0 | D:1      | HoaS the Gargoyle Hunter began the quest for the Orb.
     0 | D:1      | Reached XP level 1. HP: 12/12 MP: 1/1
    98 | D:1      | Reached XP level 2. HP: 15/17 MP: 2/2
   735 | D:2      | Reached XP level 3. HP: 21/21 MP: 3/3
   859 | D:2      | Reached skill level 5 in Ranged Weapons
  1129 | D:2      | Found an ancient bone altar of Kikubaaqudgha.
  1133 | D:2      | Noticed Natasha
  1138 | D:2      | Killed Natasha
  1139 | D:2      | Reached XP level 4. HP: 21/26 MP: 4/4
  1160 | D:2      | Noticed Natasha
  1173 | D:2      | Killed from afar by a shadow imp

Illustrated notes

Levels and vault maps discovered:
D:1:      co_arrival_square_in_a_square_in_a_square, layout_rooms,
          serial_forest, infiniplex_forest_end_2, infiniplex_forest_corner_2,
          infiniplex_forest_clump_double, infiniplex_forest_clump_tiny,
          infiniplex_forest_clump_small, minmay_tromino_mix6
D:2:      layout_basic, basic_altar, uniq_natasha

Skill      XL: |  1  2  3 |
---------------+----------+-----
Ranged Weapons | 5 |  5.6
Fighting       | |  2.1
Dodging        | |  1.5
Stealth        | |  1.1

Action                     |  1- 3 |  4- 6 || total
---------------------------+-------+-------++-------
   Fire: Shortbow          |    93 |    17 ||   110
    Use: Scroll            |     6 |       ||     6
 Armour: Leather armour    |    15 |     4 ||    19
  Dodge: Dodged            |    22 |     9 ||    31

Table legend: (Time is in decaauts)
 A = Elapsed time spent in this place.
 B = Non-inter-level travel time spent in this place.
 C = Inter-level travel time spent in this place.
 D = Time resting spent in this place.
 E = Time spent auto-exploring this place.
 F = Levels seen in this place.
 G = Mean time per level.
                   A        B        C        D        E       F      G
               +--------+--------+--------+--------+--------+-----+--------+
         Total |   1205 |   1194 |     11 |     37 |    933 |   2 |  602.5 |
       Dungeon |   1205 |   1194 |     11 |     37 |    933 |   2 |  602.5 |
               +--------+--------+--------+--------+--------+-----+--------+

Top non-repeatable levels by time:
     D:1: 666 daAuts
     D:2: 539 daAuts
